 Dungeon Crawl Stone Soup version 0.22.1-1-ga44c0e56f4 (webtiles) character file.

12821 Gargoyl the Protected (level 11, -3/91 (92) HPs)
             Began as a Centaur Abyssal Knight on Oct 17, 2018.
             Was a High Priest of Lugonu.
             Slain by a white ugly thing (31 damage)
             ... on level 11 of the Dungeon.
             The game lasted 00:21:19 (16419 turns).

Gargoyl the Protected (Centaur Abyssal Knight)     Turns: 16419, Time: 00:21:19

HP:   -3/91 (92)    AC: 19    Str: 25    XL:     11   Next: 67%
MP:   17/17         EV:  5    Int: 11    God:    Lugonu [*****.]
Gold: 579           SH:  8    Dex: 10    Spells: 10/10 levels left

rFire    + . .     SeeInvis .   y - +2 whip (elec)
rCold    . . .     Gourm    .   G - +0 shield (curse)
rNeg     . . .     Faith    .   n - +2 chain mail {rF+}
rPois    .         Spirit   .   g - +0 helmet of Negligence {+Blink MR++ Str+8} (curse)
rElec    .         Reflect  .   d - +2 cloak
rCorr    .         Harm     .   s - +1 pair of gloves (curse)
MR       ++...                  (no barding)
Stlth    ..........             (no amulet)
HPRegen  0.25/turn              (no ring)
MPRegen  0.15/turn              (no ring)

@: very quick
A: large, hooves 3, deformed body, speed 2, tough skin 3
a: Depart the Abyss, Bend Space, Banish, Corrupt, Enter the Abyss, Renounce
Religion, Evoke Blink


You were on level 11 of the Dungeon.
You worshipped Lugonu.
Lugonu was extremely pleased with you.
You were not hungry.

You visited 1 branch of the dungeon, and saw 11 of its levels.
You visited the Abyss 1 time.

You collected 769 gold pieces.
You spent 190 gold pieces at shops.

Inventory:

Hand Weapons
 a - a +1 hand axe
 i - a +2 hand axe of flaming
 j - a +1 whip of draining
 y - a +2 whip of electrocution (weapon)
 A - a +0 broad axe
Missiles
 H - 5 tomahawks (quivered)
Armour
 d - a +2 cloak (worn)
 g - the cursed +0 helmet of Negligence (worn) {+Blink MR++ Str+8}
   (You took it off Robin on level 2 of the Dungeon)

   It affects your strength (+8).
   It affects your resistance to hostile enchantments.
   It lets you blink.
   It has a curse placed upon it.
 n - a +2 chain mail of fire resistance (worn)
 s - a cursed +1 pair of gloves (worn)
 x - a +1 hat of see invisible
 G - a cursed +0 shield (worn)
Wands
 p - a wand of flame (19)
 r - a wand of iceblast (7)
 C - a wand of scattershot (9)
 E - a wand of random effects (23)
Scrolls
 k - a scroll of blinking
 l - 2 scrolls of identify
 m - 7 scrolls of remove curse
 o - 2 scrolls of amnesia
 u - 4 scrolls of teleportation
 D - 2 scrolls of silence {unknown}
Potions
 b - 3 potions of haste
 e - a potion of agility
 f - 4 potions of brilliance
 h - a potion of invisibility
 q - 2 potions of magic
 t - a potion of flight
 v - 2 potions of heal wounds
 w - a potion of lignification
 z - a potion of resistance
 B - a potion of mutation
 F - a potion of curing {unknown}
Comestibles
 c - 22 rations
 I - 2 chunks of flesh


   Skills:
 + Level 7.3 Fighting
 + Level 2.2(5.6) Axes
 + Level 8.2(8.4) Maces & Flails
 * Level 9.8 Armour
 + Level 2.7 Dodging
 + Level 1.0 Shields
 * Level 8.3 Invocations


You had 10 spell levels left.
You didn't know any spells.
Your spell library contained the following spells:

 Spells                   Type           Power        Failure   Level  Hunger
 Confusing Touch          Hex            #.....       100%        1    ##.....
 Corpse Rot               Necr           N/A          100%        2    ###....
 Sublimation of Blood     Necr           #.........   100%        2    ###....
 Confuse                  Hex            #.......     100%        3    ####...
 Gell's Gravitas          Tloc           #.........   100%        3    ####...
 Petrify                  Tmut/Erth      #.......     100%        4    #####..
 Agony                    Necr           #.......     100%        5    ######.
 Bolt of Draining         Conj/Necr      #.........   100%        5    ######.
 Dispel Undead            Necr           #.......     100%        5    ######.
 Excruciating Wounds      Chrm/Necr      #.........   100%        5    ######.
 Metabolic Englaciation   Hex/Ice        #.........   100%        5    ######.
 Yara's Violent Unravell  Hex/Tmut       #.........   100%        5    ######.


Dungeon Overview and Level Annotations

Branches:
Dungeon (11/15)            Temple (0/1) D:4             Orc (0/2) D:10
   Lair: D:8-11

Altars:
Ashenzari
Hepliaklqana
Kikubaaqudgha
Makhleb
Nemelex Xobeh
Okawaru
Qazlal
Vehumet
Wu Jian
Xom
Zin
The Shining One

Shops:
D:10 [(


Innate Abilities, Weirdness & Mutations

You have hooves in place of feet.
Armour fits poorly on your strangely shaped body.
You cover ground very quickly.
You have extremely tough skin. (AC +3)


Message History

The soldier ant stings you but does no damage.
Your chain mail prevents you from hitting the soldier ant.
You kick the soldier ant.
The soldier ant is severely wounded.
You hit the soldier ant.
Lightning courses through the soldier ant!
You kill the soldier ant!
Lugonu accepts your kill.
You barely miss the white ugly thing. You kick the white ugly thing.
The white ugly thing is lightly wounded.
The white ugly thing headbutts you but does no damage.
You hit the white ugly thing.
Lightning courses through the white ugly thing!
You kick the white ugly thing, but do no damage.
The white ugly thing is moderately wounded.
The white ugly thing headbutts you. The white ugly thing freezes you!!
You hit the white ugly thing. Your kick misses the white ugly thing.
The white ugly thing is moderately wounded.
The white ugly thing headbutts you. The white ugly thing freezes you!!
You die...

##### .....
##.##... #..
#.##
############.#
#.##
#.)u@.......#
#....
#.######....#
#.... #.#
#.##.## ##.###
#.#
#.###.###.####
#.## #†#
##........
#..# #.#
#.#######
#a..# #.# #.#
.........# #.#
.;......≈.#
#.#


You could see a white ugly thing.

Vanquished Creatures
  Gastronok (D:10)
  Erolcha (D:9)
  Harold (D:11)
  A two-headed ogre (D:10)
  The ghost of matti1234 the Covert, a novice OpWr of Gozag (D:7)
  Pikel (D:9)
  An ugly thing (D:11)
  2 trolls
  A hippogriff (D:8)
  4 yaks
  The ghost of Morbidden the Chopper, an amateur DDFi (D:4)
  Grum (D:8)
  Edmund (D:5)
  2 hungry ghosts
  Menkaure (D:7)
  2 soldier ants (D:11)
  5 orc warriors
  An ice beast (D:8)
  2 sky beasts
  A necrophage (D:6)
  A slave (D:9)
  4 phantoms
  3 centaurs
  10 ogres
  5 wolves
  3 big kobolds
  6 bullfrogs
  5 gnoll sergeants (D:10)
  2 scorpions
  4 wights (D:8)
  8 howler monkeys
  5 crimson imps
  A jelly (D:10)
  3 hounds
  4 orc priests
  Crazy Yiuf (D:3)
  A centaur skeleton (D:3)
  7 orc wizards
  A gnoll shaman (D:8)
  10 worker ants
  4 iguanas
  A statue (D:4)
  A hound zombie (D:7)
  Robin (D:2)
  A howler monkey skeleton (D:4)
  16 gnolls
  11 adders
  3 shadow imps
  An ooze (D:5)
  An adder skeleton (D:8)
  4 worms
  2 dart slugs
  4 leopard geckos
  38 orcs
  2 giant cockroaches
  15 goblins
  12 hobgoblins
  8 jackals
  4 quokkas
  A ball python (D:1)
  7 bats
  11 kobolds
  A leopard gecko skeleton (D:4)
  9 rats
273 creatures vanquished.

Vanquished Creatures (others)
  The ghost of Eralyen the Cudgeler, a novice GrBe of Trog (D:7)
  A slave (D:9)
2 creatures vanquished.

Grand Total: 275 creatures vanquished

Notes
Turn   | Place    | Note
-------+----------+-------------------------------------------
     0 | Abyss:1  | Gargoyl the Centaur Abyssal Knight began the quest for the
                  | Orb.
     0 | Abyss:1  | Reached XP level 1. HP: 19/19 MP: 2/2
    30 | Abyss:2  | Found a corrupted altar of Lugonu.
    64 | Abyss:2  | Noticed a small abomination
    89 | Abyss:2  | Noticed a small abomination
    91 | Abyss:2  | Noticed a hell hound
    93 | Abyss:2  | Found a corrupted altar of Lugonu.
   132 | Abyss:3  | Noticed a fire bat
   139 | D:1      | Escaped the Abyss
   526 | D:1      | Reached XP level 2. HP: 25/26 MP: 3/3
   534 | D:1      | Reached * piety under Lugonu
   863 | D:1      | Reached XP level 3. HP: 22/31 MP: 4/4
  1487 | D:2      | Noticed Robin
  1506 | D:2      | Killed Robin
  1984 | D:2      | Got a transparent helmet
  1996 | D:2      | Identified the cursed +0 helmet of Negligence {+Blink MR++
                  | Str+8} (You took it off Robin on level 2 of the Dungeon)
  2138 | D:2      | Reached skill level 2 in Armour
  2138 | D:2      | Reached XP level 4. HP: 36/40 MP: 6/6
  2157 | D:2      | Reached ** piety under Lugonu
  2256 | D:2      | Found an iron altar of Okawaru.
  2307 | D:2      | Found an ornate altar of the Wu Jian Council.
  2384 | D:2      | Reached skill level 1 in Maces & Flails
  2834 | D:3      | Reached XP level 5. HP: 44/46 MP: 7/7
  2920 | D:3      | Reached skill level 1 in Dodging
  4065 | D:3      | Found a runed door.
  4069 | D:3      | Noticed Crazy Yiuf
  4074 | D:3      | Killed Crazy Yiuf
  4074 | D:3      | Reached XP level 6. HP: 52/52 MP: 8/8
  4196 | D:4      | Reached skill level 3 in Armour
  4777 | D:4      | Found a staircase to the Ecumenical Temple.
  4844 | D:4      | Found a large runed door.
  4844 | D:4      | Found a large runed door.
  4847 | D:4      | Noticed Morbidden's ghost (amateur DDFi)
  4909 | D:4      | Reached XP level 7. HP: 55/59 MP: 9/9
  4911 | D:4      | Found a radiant altar of Vehumet.
  5520 | D:4      | Killed Morbidden's ghost
  5665 | D:5      | Entered Level 5 of the Dungeon
  6057 | D:5      | Found a shimmering altar of Xom.
  6058 | D:5      | Found a burning altar of Makhleb.
  6319 | D:5      | Noticed Edmund
  6336 | D:5      | Killed Edmund
  6336 | D:5      | Reached skill level 4 in Armour
  6714 | D:5      | Reached XP level 8. HP: 67/67 MP: 11/11
  6745 | D:5      | Reached *** piety under Lugonu
  6841 | D:5      | Found a hazy altar of Hepliaklqana.
  7204 | D:5      | Reached skill level 5 in Invocations
  7295 | D:6      | Reached skill level 5 in Armour
  7462 | D:6      | Found a sparkling altar of Nemelex Xobeh.
  7534 | D:6      | Reached skill level 5 in Maces & Flails
  7555 | D:6      | Reached skill level 5 in Fighting
  8226 | D:7      | Found a stormy altar of Qazlal.
  8264 | D:7      | Reached XP level 9. HP: 64/73 MP: 13/13
  8315 | D:7      | Noticed Menkaure
  8572 | D:7      | Killed Menkaure
  8852 | D:7      | Reached skill level 6 in Armour
  9084 | D:7      | Found a runed gate.
  9086 | D:7      | Found a runed gate.
  9087 | D:7      | Found a runed gate.
  9087 | D:7      | Noticed Eralyen's ghost (novice GrBe)
  9087 | D:7      | Noticed matti1234's ghost (novice OpWr)
  9107 | D:7      | Killed matti1234's ghost
  9119 | D:7      | Banished Eralyen's ghost
  9592 | D:7      | Reached skill level 7 in Armour
  9608 | D:7      | Reached **** piety under Lugonu
 10062 | D:8      | Found an ancient bone altar of Kikubaaqudgha.
 10183 | D:8      | You fall through a shaft for 2 floors!
 10183 | D:10     | Entered Level 10 of the Dungeon
 10183 | D:10     | Found Gutefea's Weapon Boutique.
 10202 | D:10     | Bought a +0 broad axe for 64 gold pieces
 10257 | D:9      | Reached XP level 10. HP: 64/82 MP: 14/14
 10533 | D:8      | Noticed Grum
 10825 | D:8      | Killed Grum
 11175 | D:8      | Found a shattered altar of Ashenzari.
 11926 | D:9      | Reached skill level 8 in Armour
 11954 | D:9      | Noticed Erolcha
 11975 | D:9      | Killed Erolcha
 12087 | D:9      | Found a stormy altar of Qazlal.
 12344 | D:9      | Noticed an angel
 12345 | D:9      | Found a glowing silver altar of Zin.
 12362 | D:9      | Found a glowing golden altar of the Shining One.
 12537 | D:9      | Noticed Pikel
 12565 | D:9      | Killed Pikel
 12879 | D:10     | Noticed Gastronok
 12915 | D:10     | Killed Gastronok
 12915 | D:10     | Reached XP level 11. HP: 35/90 MP: 16/16
 13204 | D:10     | Found Heazuc's Armour Shop.
 13207 | D:10     | Bought a +1 cloak for 126 gold pieces
 13239 | D:10     | Found a staircase to the Orcish Mines.
 13347 | D:9      | Reached ***** piety under Lugonu
 13882 | D:10     | Reached skill level 9 in Armour
 15290 | D:11     | Noticed Harold
 15304 | D:11     | Noticed a skeletal warrior
 15404 | D:11     | Noticed a two-headed ogre
 15412 | D:11     | Noticed a skeletal warrior
 15584 | D:10     | Killed a two-headed ogre
 15698 | D:11     | Killed Harold
 16008 | D:11     | Noticed a brown ugly thing
 16018 | D:11     | Killed a brown ugly thing
 16018 | D:11     | Reached skill level 1 in Shields
 16395 | D:11     | Noticed a white ugly thing
 16419 | D:11     | Slain by a white ugly thing

Skill      XL: |  1  2  3  4  5  6  7  8  9 10 11 |
---------------+----------------------------------+-----
Axes           | 2 |  2.2
Armour         | 2 3 4 5 7 8 9 |  9.8
Maces & Flails | 1 2 3 4 5 6 7 8 |  8.2
Invocations    | 3 4 5 6 7 8 |  8.3
Dodging        | 1 2 |  2.7
Fighting       | 4 5 6 7 |  7.3
Shields        | 1 |  1.0

Action                   |  1- 3 |  4- 6 |  7- 9 | 10-12 || total
-------------------------+-------+-------+-------+-------++-------
Melee: Hand axe          |    22 |       |       |       ||    22
       Kick              |    11 |    35 |   114 |   151 ||   311
       Whip              |   100 |   144 |   292 |   501 ||  1037
Invok: Depart the Abyss  |     1 |       |       |       ||     1
       Banish            |       |       |     1 |       ||     1
Evoke: Wand              |       |       |       |     2 ||     2
  Use: Scroll            |     7 |     4 |     4 |    11 ||    26
       Potion            |     3 |       |       |       ||     3
 Stab: Distracted        |       |       |       |     1 ||     1
  Eat: Chunk             |     3 |     7 |    11 |    15 ||    36
       Ration            |       |       |     1 |     2 ||     3
Armor: Leather armour    |    45 |       |       |       ||    45
       Chain mail        |    44 |   102 |   175 |   344 ||   665
Dodge: Dodged            |    67 |    39 |    83 |   168 ||   357
Block: Shield            |       |       |       |    55 ||    55
